 Dungeon Crawl Stone Soup version 0.23-a0-143-g1adec7bb76 (webtiles) character file.

260 Napalmbreeze the Chopper (level 5, -6/44 HPs)
             Began as a Demonspawn Chaos Knight on Sept 6, 2018.
             Killed from afar by an orc wizard (11 damage)
             ... with a magic dart
             ... on level 3 of the Dungeon.
             The game lasted 00:09:28 (2103 turns).

Napalmbreeze the Chopper (Demonspawn Chaos Knight)  Turns: 2103, Time: 00:09:29

Health: -6/44      AC:  7    Str: 12    XL:     5   Next: 95%
Magic:  5/5        EV: 11    Int: 14    God:    Xom [...*..]
Gold:   108        SH:  0    Dex: 13    Spells: 4/4 levels left

rFire    . . .     SeeInvis .   a - +0 hand axe (chaos)
rCold    . . .     Gourm    .   (no shield)
rNeg     . . .     Faith    .   g - +0 ring mail
rPois    .         Spirit   .   (helmet restricted)
rElec    .         Reflect  .   (no cloak)
rCorr    .         Harm     .   (no gloves)
MR       .....                  (no boots)
Stlth    +.........             (no amulet)
HPRegen  0.14/turn              (no ring)
MPRegen  0.09/turn              (no ring)

@: lethally poisoned (-6 -> -7), slowed, drained, very slow
A: horns 1, rugged brown scales 2, rot immunity
a: Renounce Religion


You were on level 3 of the Dungeon.
You worshipped Xom.
You were a favourite toy of Xom.
You were hungry.

You visited 1 branch of the dungeon, and saw 4 of its levels.

You collected 108 gold pieces.

Inventory:

Hand Weapons
 a - a +0 hand axe of chaos (weapon)
 j - a +0 trident
 k - a +0 war axe
Armour
 b - a +2 leather armour
 g - a +0 ring mail (worn)
 n - a +0 scale mail
Wands
 m - a wand of paralysis (4)
Scrolls
 f - a scroll of enchant armour {unknown}
 l - a scroll of blinking {unknown}
Potions
 e - 2 potions of lignification {unknown}
 h - a potion of invisibility {unknown}
 i - a potion of haste {unknown}
Comestibles
 c - 2 rations


   Skills:
 + Level 3.9(3.2) Fighting
 * Level 4.4(3.7) Axes
 + Level 2.9(2.2) Armour
 + Level 2.4(1.7) Dodging


You had 4 spell levels left.
You didn't know any spells.
Your spell library was empty.

Dungeon Overview and Level Annotations

Branches:
Dungeon (4/15)
 Temple: D:4-7

Altars:

Annotations:
D:4 Eustachio


Innate Abilities, Weirdness & Mutations

You have a pair of small horns on your head.
You are mostly covered in rugged brown scales. (AC +2, +5% HP)
You are immune to rotting.


Message History

The orc wizard casts a spell.
The orc wizard blinks!
The orc hits you but does no damage.
The orc wizard closely misses you. x2; Something hits you but does no damage.
You feel sick.
An orc wizard appears from thin air!
Reactivating autopickup.
The orc wizard hits you but does no damage.
The orc wizard gestures at you while chanting.
The magic dart hits you! The orc closely misses you.
The orc wizard points at you and mumbles some strange words.
The magic dart hits you!
* * * LOW HITPOINT WARNING * * *
The orc wizard hits you but does no damage.
Something hits you but does no damage.
Deactivating autopickup; reactivate with Ctrl-A.
You feel sick. The orc wizard casts a spell at you. The magic dart hits you!
You die...
Xom snickers!

#########.[.##...
#[.......o.....#
#......go..#####
#......o...#
#.....o....#
#..........#
#..o.......#
#...{......#
#.@........#
#..........#
#..........#
############


You could see 3 orc wizards, 2 orcs and a hobgoblin.

Vanquished Creatures
  Blork the orc (D:3)
  A centaur skeleton (D:3)
  An orc wizard (D:3)
  2 hound skeletons (D:3)
  A worker ant zombie (D:3)
  3 gnolls (D:2)
  3 adders
  An adder zombie (D:3)
  4 adder skeletons (D:3)
  A dart slug (shapeshifter) (D:2)
  3 dart slugs
  2 orcs (D:3)
  2 giant cockroaches
  4 hobgoblins
  4 jackals (D:1)
  A quokka (D:3)
  A ball python (D:1)
  4 bats (D:1)
  5 frilled lizards
  2 giant cockroach zombies (D:3)
  5 goblins
  3 kobolds (D:1)
  5 rats
59 creatures vanquished.

Vanquished Creatures (collateral kills)
  A kobold (D:3)
1 creature vanquished.

Grand Total: 60 creatures vanquished

Notes
Turn   | Place    | Note
-------+----------+-------------------------------------------
     0 | D:1      | Napalmbreeze the Demonspawn Chaos Knight began the quest
                  | for the Orb.
     0 | D:1      | Reached XP level 1. HP: 18/18 MP: 1/1
    87 | D:1      | Reached skill level 1 in Dodging
   231 | D:1      | Gained mutation: You are partially covered in rugged brown
                  | scales. (AC +1, +3% HP) [demonic ancestry]
   231 | D:1      | Reached XP level 2. HP: 18/24 MP: 2/2
   263 | D:1      | Reached skill level 3 in Axes
   544 | D:1      | XOM: silly message
   872 | D:1      | XOM: divination: detect items
   944 | D:1      | Gained mutation: You are immune to rotting. [demonic
                  | ancestry]
   944 | D:1      | Reached XP level 3. HP: 24/29 MP: 3/3
  1394 | D:2      | XOM: divination: magic mapping
  1474 | D:2      | XOM: potion effect (brilliance)
  1510 | D:2      | HP: 1/29 [gnoll/flail (11)]
  1520 | D:2      | XOM: potion effect (berserk rage)
  1523 | D:2      | Gained mutation: You have a pair of small horns on your
                  | head. [demonic ancestry]
  1523 | D:2      | Reached XP level 4. HP: 4/36 MP: 4/4
  1525 | D:2      | HP: 2/54 [gnoll (2)]
  1912 | D:2      | You fall through a shaft for 2 floors!
  1930 | D:4      | Noticed Eustachio
  1930 | D:4      | Noticed Blork the orc
  1936 | D:3      | XOM: cast spell 'Summon Ice Beast'
  1941 | D:3      | Killed Blork the orc
  1948 | D:3      | Gained mutation: You are mostly covered in rugged brown
                  | scales. (AC +2, +5% HP) [demonic ancestry]
  1948 | D:3      | Reached XP level 5. HP: 28/44 MP: 5/5
  1950 | D:3      | Reached skill level 4 in Axes
  2049 | D:3      | XOM: confuse monster(s)
  2054 | D:3      | XOM: enchant monster (good)
  2098 | D:3      | XOM: medium Hex miscast
  2103 | D:3      | Killed from afar by an orc wizard

Vault maps used:
D:1:      minmay_arrival_nine_rooms, st_stairs_9
D:3:      serial_undead, serial_undead_a, serial_undead_b, serial_undead_f,
          serial_undead_f, serial_undead_d, serial_undead_f, serial_undead_a
D:4:      minmay_temple_entry_enclosed_plants, first_ration,
          grunt_qazlal_sundering, uniq_eustachio, uniq_menkaure,
          uniq_blork_the_orc

Skill      XL: |  1  2  3  4  5 |
---------------+----------------+-----
Dodging        | 1 2 |  2.4
Axes           | 3 4 |  4.4
Armour         | 2 |  2.9
Fighting       | |  3.9

Action                   |  1- 3 |  4- 6 || total
-------------------------+-------+-------++-------
Melee: Hand axe          |   109 |    55 ||   164
       Headbutt          |       |     9 ||     9
  Use: Potion            |       |     2 ||     2
 Stab: Sleeping          |     2 |       ||     2
       Paralysed         |     2 |       ||     2
       Petrifying        |       |     1 ||     1
  Eat: Chunk             |     2 |     1 ||     3
Armor: Leather armour    |    20 |       ||    20
       Ring mail         |    19 |    56 ||    75
Dodge: Dodged            |    71 |    47 ||   118

Table legend:
 A = Non-vault XP
 B = Vault XP
 C = Vault XP percentage of total XP
 D = Non-vault monster count
 E = Vault monster count
 F = Vault count percentage of total count
                 A         B        C        D         E       F
            +---------+---------+-------+---------+---------+-------
      Total |     193 |     179 |  48.1 |      46 |      14 |  23.3
            +---------+---------+-------+---------+---------+-------
        D:1 |      40 |       3 |   7.0 |      22 |       3 |  12.0
        D:2 |      76 |       0 |   0.0 |      15 |       0 |   0.0
        D:3 |      77 |     176 |  69.6 |       9 |      11 |  55.0
            +---------+---------+-------+---------+---------+-------
